 Dungeon Crawl Stone Soup version 0.27.1-2-g3b301248ec (webtiles) character file.

Game seed: 17316404379715098087

155 Kold the Insei (level 5, 0/33 HPs)
             Began as an Octopode Transmuter on Oct 1, 2021.
             Killed from afar by an orc wizard (9 damage)
             ... with a magic dart
             ... on level 3 of the Dungeon.
             The game lasted 00:06:13 (4124 turns).

Kold the Insei (Octopode Transmuter)                Turns: 4124, Time: 00:06:13

Health: 0/33       AC:  1    Str:  9    XL:     5   Next: 37%
Magic:  8/8        EV: 13    Int: 16    God:
Gold:   113        SH:  0    Dex: 13    Spells: 2/8 levels left

rFire    . . .     SeeInvis .     - Unarmed
rCold    . . .     Faith    .   (no shield)
rNeg     . . .     Spirit   .   (helmet restricted)
rPois    .         Reflect  .   (no amulet)
rElec    .         Harm     .   (no ring)
rCorr    .         Rampage  .   (no ring)
Will     .....                  (no ring)
Stlth    ++........             (no ring)
HPRegen  0.11/turn              (no ring)
MPRegen  0.11/turn              (no ring)
                                (no ring)
                                (no ring)

@: confused, invisible
A: almost no armour, amphibious, 8 rings, camouflage 1, gelatinous body 1,
(nimble swimmer 1), tentacles
a: no special abilities


You were on level 3 of the Dungeon.
You visited 1 branch of the dungeon, and saw 4 of its levels.

You collected 113 gold pieces.

Inventory:

Scrolls
 a - 2 scrolls of blinking {unknown}
 c - 2 scrolls of teleportation {unknown}
 f - a scroll of vulnerability
 l - a scroll of fog {unknown}
Potions
 e - a potion of cancellation {unknown}
 h - 2 potions of brilliance {unknown}
 j - 2 potions of invisibility
 k - a potion of degeneration {unknown}


   Skills:
 - Level 1.0 Fighting
 - Level 2.0 Dodging
 + Level 4.6 Unarmed Combat
 - Level 2.0 Spellcasting
 + Level 4.0 Transmutations
 * Level 0.0 Poison Magic


You had 2 spell levels left.
You knew the following spells:

 Your Spells              Type           Power      Damage    Failure   Level
a - Beastly Appendage     Tmut           28%        N/A       4%          1
b - Wereblood             Tmut           14%        N/A       6%          2
c - Spider Form           Tmut/Pois      4%         N/A       26%         3

Your spell library contained the following spells:

 Spells                   Type           Power      Damage    Failure   Level
 Gell's Gravitas          Tloc           0%         N/A       52%         3
 Lesser Beckoning         Tloc           0%         N/A       52%         3
 Teleport Other           Tloc           1%         N/A       52%         3
 Ice Form                 Ice/Tmut       8%         N/A       65%         4
 Conjure Ball Lightning   Conj/Air       0%         3x3d6     100%        6
 Discord                  Hex            0%         N/A       100%        8
 Disjunction              Tloc           0%         N/A       100%        8


Dungeon Overview and Level Annotations

Branches:
Dungeon (4/15)
 Temple: D:4-7

Altars:


Innate Abilities, Weirdness & Mutations

You cannot wear most types of armour.
You are amphibious.
You can wear up to eight rings at the same time.
Your skin changes colour to match your surroundings (Stealth+).
Your rubbery body absorbs attacks. (AC +1, EV +1)
((You are camouflaged near water. (Stealth+)))
You have tentacles for arms and can constrict up to eight enemies at once.


Message History

You are confused.
A mysterious force pulls you upwards. The hatch slams shut behind you.
The orc hits you with a +0 club.
You bump into the rock wall.
The orc wizard barely misses you. The orc hits you with a +0 club.
The orc wizard gestures wildly while chanting.
The orc wizard flickers and vanishes!
Deactivating autopickup; reactivate with Ctrl-A.
The orc hits you but does no damage.
You bump into the rock wall.
You feel less confused.
You hear some strange, mumbled words.
You are confused.
The orc hits you with a +0 club.
You're too confused to move!
The orc closely misses you. Something hits you.
You bump into the rock wall.
The orc misses you.
You hear some strange, mumbled words.
Something tries to affect you, but you resist.
The orc hits you with a +0 club. Something hits you.
You bump into the rock wall.
Your tentacle spike disappears.
The orc closely misses you. Something hits you.
You bump into the rock wall.
The orc misses you. Something completely misses you.
You bump into the rock wall.
You feel less confused. The orc barely misses you.
You hear some strange, mumbled words.
You are confused.
You miss the orc. The orc hits you with a +0 club.
You're too confused to cast spells.
You miss something. You squeeze something. Something hits you.
* * * LOW HITPOINT WARNING * * *
The orc barely misses you.
It was a potion of invisibility.
You fade into invisibility!
You hear some strange, mumbled words.
A magic dart appears from out of thin air!
The magic dart hits you!
You die...

#........# #####
#........# #.(.#
#......).# #.#.######
#........#####.#..)...#
#........##<...#...##.#
#[.......#######.#..(.#
#........# #....#######
.........####.####.....#
...............o@.>##.##
#.†##########..{....#.#
##.# #.####..#.# #.# #.#
##...# #.## #.# #####
#..####### #.#
##.......# #.# #....)..#
#.# #.......# #.#


You could see an orc.

Vanquished Creatures
  An iguana (D:2)
  Terence (D:3)
  4 adders
  A white imp (D:3)
  2 worms
  A dart slug (D:2)
  4 endoplasms
  A giant cockroach (D:3)
  6 hobgoblins
  4 jackals (D:1)
  2 quokkas
  7 ball pythons
  5 bats
  5 frilled lizards
  A goblin (D:1)
  8 kobolds
  5 rats
58 creatures vanquished.

Notes
Turn   | Place    | Note
-------+----------+-------------------------------------------
     0 | D:1      | Kold the Octopode Transmuter began the quest for the Orb.
     0 | D:1      | Reached XP level 1. HP: 13/13 MP: 3/3
   173 | D:1      | Reached XP level 2. HP: 18/18 MP: 5/5
  1103 | D:1      | Found a faded altar of an unknown god.
  1239 | D:1      | Reached XP level 3. HP: 23/23 MP: 4/6
  2615 | D:2      | Learned a level 2 spell: Wereblood
  2619 | D:2      | Learned a level 3 spell: Spider Form
  2897 | D:2      | Reached XP level 4. HP: 23/28 MP: 7/7
  3577 | D:3      | HP: 1/28 [poisoned by an adder]
  3583 | D:3      | Noticed Terence
  3705 | D:3      | Killed Terence
  3706 | D:3      | Reached XP level 5. HP: 16/33 MP: 2/8
  4124 | D:3      | Killed from afar by an orc wizard

Illustrated notes

Levels and vault maps discovered:
D:1:      erik_arrival_cave_to_civilisation [erik_arrival_cave_to_hall],
          layout_basic, shapermc_ecumenical_altar_mp_ritualfount
D:2:      layout_rooms
D:3:      layout_basic, dk_noncrumbling_4, uniq_terence
D:4:      layout_basic, jmf_multi_god_temple2, minmay_temple_entry_mist,
          uniq_pikel

Skill      XL: |  1  2  3  4  5 |
---------------+----------------+-----
Transmutations | 3 4 |  4.0
Unarmed Combat | 4 |  4.6
Fighting       | |  1.0
Dodging        | |  2.0
Spellcasting   | |  2.0

Action                   |  1- 3 |  4- 6 || total
-------------------------+-------+-------++-------
Melee: Unarmed           |    91 |    69 ||   160
       Constrict         |    24 |    12 ||    36
       Kick              |    16 |     9 ||    25
       Tentacles         |    13 |     8 ||    21
       Punch             |     1 |     3 ||     4
 Cast: Beastly Appendage |    16 |     8 ||    24
       Wereblood         |       |     5 ||     5
       Spider Form       |       |     2 ||     2
  Use: Potion            |       |     6 ||     6
       Scroll            |       |     3 ||     3
 Stab: Sleeping          |     6 |     3 ||     9
Armor: Skin              |     6 |     8 ||    14
Dodge: Dodged            |    66 |    54 ||   120
